 Dungeon Crawl Stone Soup version 0.28-a0-872-g80cf8599ee (webtiles) character file.

Game seed: 7067865556924721291

497 porpoise the Magician (level 6, -1/32 HPs)
             Began as a Deep Elf Conjurer on Nov 21, 2021.
             Succumbed to a killer bee's poison
             ... on level 4 of the Dungeon.
             The game lasted 00:16:21 (3445 turns).

porpoise the Magician (Deep Elf Conjurer)           Turns: 3445, Time: 00:16:22

Health: -1/32      AC:  2    Str:  6    XL:     6   Next: 93%
Magic:  5/17       EV: 12    Int: 23    God:
Gold:   156        SH:  0    Dex: 13    Spells: 8/18 levels left

rFire   + . .      SeeInvis .   a - +1 dagger (venom)
rCold   . . .      Faith    .   (no shield)
rNeg    . . .      Spirit   .   b - +0 robe
rPois   .          Reflect  .   (no helmet)
rElec   .          Harm     .   (no cloak)
rCorr   .          Rampage  .   (no gloves)
Will    .....                   (no boots)
Stlth   ++........              (no amulet)
HPRegen 0.10/turn               f - ring of protection from fire
MPRegen 0.15/turn               (no ring)

@: lethally poisoned (-1 -> -19)
A: no striking features
a: no special abilities


You were on level 4 of the Dungeon.
You visited 1 branch of the dungeon, and saw 4 of its levels.

You collected 156 gold pieces.

Inventory:

Hand Weapons
 a - a +1 dagger of venom (weapon)
Missiles
 g - 245 stones (quivered)
Armour
 b - a +0 robe (worn)
Jewellery
 f - a ring of protection from fire (left hand)
Scrolls
 c - a scroll of teleportation
 d - a scroll of noise {unknown}
 e - a scroll of identify
 h - 2 scrolls of holy word
 k - a scroll of enchant weapon
Potions
 i - 2 potions of curing
 j - a potion of haste


   Skills:
 - Level 2.7 Dodging
 - Level 2.9 Stealth
 + Level 6.7 Spellcasting
 - Level 5.9 Conjurations
 + Level 4.9 Hexes


You had 8 spell levels left.
You knew the following spells:

 Your Spells              Type           Power      Damage    Failure   Level
a - Magic Dart            Conj           100%       1d8       1%          1
b - Searing Ray           Conj           68%        2d6       1%          2
c - Fulminant Prism       Conj/Hex       16%        3d11      9%          4
s - Stone Arrow           Conj/Erth      42%        3d9       7%          3

Your spell library contained the following spells:

 Spells                   Type           Power      Damage    Failure   Level
 Dazzling Flash           Conj/Hex       64%        N/A       2%          3
 Iskenderun's Mystic Bla  Conj/Tloc      21%        2d6       24%         4
 Animate Armour           Summ/Erth      14%        N/A       61%         4
 Lehudib's Crystal Spear  Conj/Erth      10%        10d4      100%        8


Dungeon Overview and Level Annotations

Branches:
Dungeon (4/15)
 Temple: D:4-7

Altars:


Message History

The killer bee barely misses you.
Your fulminant prism explodes!
The blast of energy engulfs the black bear!
You kill the black bear!
The blast of energy engulfs the killer bee!!
You kill the killer bee!
The blast of energy engulfs the killer bee!
You kill the killer bee!
Your Spellcasting skill increases to level 6!
Your Hexes skill increases to level 4!
You start resting.
A killer bee comes into view.
A killer bee comes into view.
A killer bee comes into view.
The killer bee buzzes angrily. x2
The killer bee stings you! The killer bee stings you.
The killer bee closely misses you.
Casting: Searing Ray (safe; 1% risk of failure)
Confirm with . or Enter, or press ? or * to list all spells.
Aiming: Searing Ray (safe; 1% risk of failure)
Press: ? - help, Shift-Dir - straight line, f - killer bee
Aim: a killer bee (61% to hit)
The searing ray hits the killer bee!
The killer bee is heavily wounded.
The searing ray hits the killer bee!
The killer bee is severely wounded.
The searing ray misses the killer bee. (Press . to maintain the ray.)
The killer bee stings you!
You are poisoned.
The killer bee poisons you! The killer bee stings you!
* * * LOW HITPOINT WARNING * * *
You are more poisoned.
The killer bee poisons you!
The searing ray hits the killer bee!
You kill the killer bee!
The searing ray hits the killer bee!
The killer bee is severely wounded.
You die...

.#.#.#.#..........#
.#.#...#.....##'###
...#...#.....##.#
####..##...).##'##
......########...#
#####..# #...# .......##
#...# ........# #...#
......#.# #..@#
......#..# #...#
......##.## #...#
...†..# ..# #.yy#######
......# #.## #.........#
......###..# #.........#
...........# #.....y...#
.########..###.........#
. #.).##....†....#


You could see 2 killer bees.

Vanquished Creatures
  A black bear (D:4)
  2 scorpions (D:4)
  3 killer bees (D:4)
  A hound (D:4)
  An orc priest (D:4)
  An orc wizard (D:3)
  A howler monkey skeleton (D:4)
  3 adders
  2 worms (D:2)
  2 dart slugs (D:4)
  6 orcs
  3 endoplasms
  A giant cockroach (D:3)
  6 hobgoblins
  6 jackals
  11 kobolds
  3 quokkas
  7 ball pythons
  3 bats
  3 frilled lizards
  8 goblins
  4 rats
78 creatures vanquished.

Vanquished Creatures (others)
  4 fulminant prisms (D:4)
4 creatures vanquished.

Grand Total: 82 creatures vanquished

Notes
Turn   | Place    | Note
-------+----------+-------------------------------------------
     0 | D:1      | porpoise the Deep Elf Conjurer began the quest for the Orb.
     0 | D:1      | Reached XP level 1. HP: 10/10 MP: 6/6
   312 | D:1      | Reached XP level 2. HP: 15/15 MP: 5/8
   411 | D:1      | Found a faded altar of an unknown god.
   488 | D:1      | Learned a level 2 spell: Searing Ray
   628 | D:1      | Reached skill level 5 in Conjurations
  1026 | D:2      | Reached XP level 3. HP: 19/19 MP: 5/9
  1837 | D:3      | Reached XP level 4. HP: 24/24 MP: 7/11
  2357 | D:3      | Learned a level 3 spell: Stone Arrow
  2362 | D:3      | Learned a level 4 spell: Fulminant Prism
  2614 | D:4      | Reached skill level 4 in Spellcasting
  2822 | D:4      | Noticed a scorpion
  2830 | D:4      | Killed a scorpion
  2831 | D:4      | Reached skill level 1 in Hexes
  2831 | D:4      | Reached XP level 5. HP: 28/28 MP: 8/14
  2896 | D:4      | Reached skill level 5 in Spellcasting
  3142 | D:4      | Reached XP level 6. HP: 26/32 MP: 3/16
  3433 | D:4      | Reached skill level 6 in Spellcasting
  3445 | D:4      | Succumbed to a killer bee's poison

Illustrated notes

Levels and vault maps discovered:
D:1:      dpeg_arrival_oval, layout_basic, hellmonk_ecumenical_altar_run_dry
D:2:      layout_loops_ring
D:3:      layout_basic
D:4:      layout_basic

Skill      XL: |  1  2  3  4  5  6 |
---------------+-------------------+-----
Conjurations   | 5 |  5.9
Spellcasting   | 4 5 6 |  6.7
Hexes          | 1 3 4 |  4.9
Dodging        | |  2.7
Stealth        | |  2.9

Action                   |  1- 3 |  4- 6 || total
-------------------------+-------+-------++-------
Melee: Dagger            |       |    17 ||    17
Throw: Stone             |       |     3 ||     3
 Cast: Magic Dart        |    55 |    29 ||    84
       Searing Ray       |     9 |    14 ||    23
       Fulminant Prism   |       |     4 ||     4
  Use: Scroll            |       |     5 ||     5
       Potion            |       |     4 ||     4
Armor: Robe              |     2 |     2 ||     4
       Skin              |       |    19 ||    19
Dodge: Dodged            |     3 |     6 ||     9

Table legend: (Time is in decaauts)
 A = Elapsed time spent in this place.
 B = Non-inter-level travel time spent in this place.
 C = Inter-level travel time spent in this place.
 D = Time resting spent in this place.
 E = Time spent auto-exploring this place.
 F = Levels seen in this place.
 G = Mean time per level.
                   A        B        C        D        E       F      G
               +--------+--------+--------+--------+--------+-----+--------+
         Total |   3423 |   3386 |     37 |   1128 |   1863 |   4 |  855.8 |
       Dungeon |   3423 |   3386 |     37 |   1128 |   1863 |   4 |  855.8 |
               +--------+--------+--------+--------+--------+-----+--------+

Top non-repeatable levels by time:
     D:2: 980 daAuts
     D:3: 894 daAuts
     D:1: 850 daAuts
     D:4: 698 daAuts
